[Event "December 5 Early 2023"]
[Site "https://www.chess.com"]
[Date "2023.12.05"]
[Round "7"]
[White "Martinez Alcantara, Jose Eduardo"]
[Black "Xu, Yi"]
[Result "1-0"]
[Board "13"]
[TimeControl "180+1"]
[WhiteFideId "3805662"]
[BlackFideId "8605564"]
[WhiteElo "2990"]
[BlackElo "2863"]
[WhiteTeam "PER"]
[BlackTeam "CHN"]
[WhiteClock "0:00:14"]
[BlackClock "0:00:00"]

1. e4 e5 2. Nf3 Nc6 3. Nc3 Nf6 4. h3 Bb4 5. a3 Bxc3 6. dxc3 Nxe4 7. Nxe5 Nxe5 8. Qd4 O-O 9. Qxe4 d5 10. Qd4 Bf5 11. Be3 Nc4 12. Bxc4 dxc4 13. O-O-O Qxd4 14. Rxd4 Be6 15. Rhd1 c6 16. h4 Bd5 17. g3 Rfe8 18. R4d2 b6 19. Kb1 Re6 20. a4 f6 21. Ka2 Kf7 22. Ka3 Rae8 23. Rd4 h5 24. b3 cxb3 25. cxb3 Bf3 26. Rd7+ R6e7 27. R1d2 Rxd7 28. Rxd7+ Re7 29. Rd8 Re8 30. Rd2 c5 31. a5 Ke7 32. c4 Rd8 33. Ra2 Kd7 34. Kb2 Kc8 35. Kc3 Kb7 36. b4 cxb4+ 37. Kxb4 Rd1 38. axb6 axb6 39. Kc3 Be4 40. Ra4 Rd3+ 41. Kb2 Bf3 42. Rb4 Rd6 43. c5 Rd3 44. Rxb6+ Kc7 45. Ra6 Bb7 46. Ra5 Kc6 47. Ra4 Kb5 48. Ra7 Kc6 49. Kc2 Rd7 50. Kc3 Kb5 51. Ra2 Be4 52. Rb2+ Ka6 53. Rb6+ Ka5 54. Bd2 Rd3+ 55. Kc2+ Ka4 56. Rb4+ Ka3 57. Rxe4 1-0

[Event "December 5 Early 2023"]
[Site "https://www.chess.com"]
[Date "2023.12.05"]
[Round "7"]
[White "Tran, Tuan Minh"]
[Black "Yilmaz, Mustafa"]
[Result "1-0"]
[Board "14"]
[TimeControl "180+1"]
[WhiteFideId "12401820"]
[BlackFideId "6302718"]
[WhiteElo "2935"]
[BlackElo "2960"]
[WhiteTeam "VIE"]
[BlackTeam "TUR"]
[WhiteClock "0:00:05"]
[BlackClock "0:00:00"]

1. d4 Nf6 2. c4 e6 3. Nf3 c5 4. d5 d6 5. Nc3 exd5 6. cxd5 g6 7. e4 a6 8. a4 Bg4 9. Be2 Bg7 10. Nd2 Bxe2 11. Qxe2 O-O 12. O-O Nbd7 13. a5 Ne5 14. f4 Ned7 15. Nc4 Ne8 16. e5 b5 17. axb6 Nxb6 18. e6 Nc8 19. f5 Ne7 20. fxg6 fxg6 21. Bg5 Bd4+ 22. Kh1 Nf6 23. Ne4 Nexd5 24. Nexd6 Qe7 25. Rae1 Rad8 26. Nf7 Rb8 27. Nh6+ Kg7 28. Ng4 h5 29. Bh6+ Kh7 30. Bxf8 Rxf8 31. Nxf6+ Nxf6 32. Ra1 Ng4 33. h3 Nf2+ 34. Rxf2 Rxf2 35. Qe4 Kg7 36. Re1 Rf6 37. Qd5 h4 38. Nd6 Bxb2 39. Nc8 Qf8 40. Qd7+ Kh6 41. Qd3 Bd4 42. e7 Qe8 43. Qd2+ Kg7 44. Na7 Rf7 45. Qe2 1-0

[Event "December 5 Early 2023"]
[Site "https://www.chess.com"]
[Date "2023.12.05"]
[Round "7"]
[White "Shimanov, Aleksandr"]
[Black "Bocharov, Dmitry"]
[Result "1-0"]
[Board "15"]
[TimeControl "180+1"]
[WhiteFideId "4198603"]
[BlackFideId "4138716"]
[WhiteElo "2958"]
[BlackElo "2837"]
[WhiteTeam "RUS"]
[BlackTeam "RUS"]
[WhiteClock "0:00:14"]
[BlackClock "0:00:00"]

1. d4 Nf6 2. Bg5 d5 3. Nd2 c5 4. dxc5 e6 5. e4 Bxc5 6. e5 Qb6 7. exf6 Bxf2+ 8. Ke2 e5 9. Nh3 Bxh3 10. gxh3 gxf6 11. Bh6 Nc6 12. Nb3 O-O-O 13. Qd2 Bh4 14. Qe3 d4 15. Qe4 d3+ 16. cxd3 Qf2+ 17. Kd1 Rhg8 18. Rc1 Kb8 19. Be3 Qe1+ 20. Kc2 Qb4 21. Kb1 Bg5 22. Bxg5 Rxg5 23. Be2 Qb6 24. Bf3 a6 25. Rc3 f5 26. Qc4 e4 27. dxe4 Ne5 28. Qe2 f4 29. Nc5 Rg6 30. Rhc1 Rc6 31. Rb3 Qxc5 32. Rxc5 Rxc5 33. a3 Rd6 34. Qf2 Rdc6 35. Bg4 Rc1+ 36. Ka2 f3 37. Bxf3 R1c2 38. Qg3 f6 39. Qg8+ Ka7 40. Qxh7 Rc7 41. Qf5 R2c6 42. h4 a5 43. h5 a4 44. Rb4 Nd3 45. Rxa4+ Kb8 46. Rd4 Nc1+ 47. Kb1 Nb3 48. Rd8+ Ka7 49. Qb5 Rb6 50. Qa4+ 1-0

[Event "December 5 Early 2023"]
[Site "https://www.chess.com"]
[Date "2023.12.05"]
[Round "7"]
[White "Drygalov, Sergey"]
[Black "Wagner, Dennis"]
[Result "1-0"]
[Board "16"]
[TimeControl "180+1"]
[WhiteFideId "24171743"]
[BlackFideId "24650684"]
[WhiteElo "2955"]
[BlackElo "2778"]
[WhiteTeam "RUS"]
[BlackTeam "GER"]
[WhiteClock "0:00:12"]
[BlackClock "0:00:06"]

1. d4 Nf6 2. c4 e6 3. Nf3 b6 4. g3 Bb7 5. Bg2 Bb4+ 6. Bd2 c5 7. Bxb4 cxb4 8. O-O O-O 9. a3 bxa3 10. Nxa3 a5 11. Nb5 Na6 12. Nd6 Bc6 13. d5 exd5 14. Nd4 Nb4 15. cxd5 Bxd5 16. e4 Qb8 17. N4f5 Bc6 18. Qd2 Ne8 19. Qc3 f6 20. Rad1 Nxd6 21. Nxd6 b5 22. Qb3+ Kh8 23. e5 Bxg2 24. Kxg2 fxe5 25. Nf7+ Rxf7 26. Qxf7 d5 27. Rc1 Qg8 28. Rc7 Qxf7 29. Rxf7 Nd3 30. Rd7 d4 31. f4 exf4 32. Rxd4 Nxb2 33. Rdxf4 h6 34. Rb1 Nd3 35. Rf3 Nb4 36. Rf5 Rb8 37. h4 Kh7 38. h5 Rb7 39. Rc5 Rb8 40. g4 Rb7 41. Kg3 Rb8 42. Kh4 Rb7 43. g5 hxg5+ 44. Kxg5 Rb8 45. Rc7 Rd8 46. Rg1 Rd5+ 47. Kf4 Rxh5 48. Rgxg7+ Kh6 49. Rh7+ Kg6 50. Rhg7+ Kf6 51. Rgf7+ Ke6 52. Rfe7+ Kd6 53. Red7+ Ke6 54. Ra7 Nd5+ 55. Kf3 Rf5+ 56. Ke2 a4 57. Rdb7 Re5+ 58. Kd3 Nf4+ 59. Kd4 Ne2+ 60. Kd3 Nf4+ 61. Kc3 Nd5+ 62. Kd4 Kf5 63. Rf7+ Nf6 64. Ra6 Re4+ 65. Kc5 Re5+ 66. Kb4 Re6 67. Ra8 Ke5 68. Kxb5 Ne4 69. Rf1 Nd6+ 70. Kxa4 Rh6 71. Ra5+ Ke6 72. Re1+ Kd7 73. Ra7+ Kc6 74. Rc1+ Kb6 75. Rd7 Rh4+ 76. Kb3 Rh3+ 77. Kb2 Nb5 78. Rg7 Rh2+ 79. Kb3 Rh3+ 80. Kc4 Rh4+ 81. Kd5 Rh5+ 82. Ke4 Rh4+ 83. Kf5 Rh5+ 84. Kg4 Rd5 85. Rg6+ Ka5 86. Rb1 Rd4+ 87. Kf3 Rd3+ 88. Kf2 Rd2+ 89. Ke3 Rd5 90. Rg8 Kb6 91. Ke4 Rd4+ 92. Ke5 Rd2 93. Rb8+ Kc6 94. R8xb5 Re2+ 95. Kd4 Rd2+ 96. Ke3 Rh2 97. Rb6+ Kc5 98. Rb8 Rh3+ 99. Kf4 Rh4+ 100. Kg5 Ra4 101. Rc1+ Kd6 102. Rd8+ Ke7 103. Rd2 Ra5+ 104. Kf4 Ra4+ 105. Ke3 Ra3+ 106. Rd3 Ra2 107. Re1 Kf6 108. Kf3 Kf5 109. Rd5+ Kf6 110. Re4 Ra3+ 111. Kg4 Ra1 112. Rf5+ Kg6 113. Re6+ Kg7 114. Rb5 Ra7 115. Reb6 Ra1 116. Rd6 Ra7 117. Kh5 Rc7 118. Rg5+ Kf7 119. Rh6 Rc1 120. Rf5+ Kg7 121. Rg6+ Kh7 122. Rf7+ Kh8 123. Ra6 Rh1+ 124. Kg4 Rg1+ 125. Kh3 Kg8 126. Rb7 Kh8 127. Ra8+ Rg8 128. Rxg8+ Kxg8 129. Kg4 1-0

[Event "December 5 Early 2023"]
[Site "https://www.chess.com"]
[Date "2023.12.05"]
[Round "7"]
[White "Grigoriants, Sergey"]
[Black "Wagh Suyog"]
[Result "1-0"]
[Board "17"]
[TimeControl "180+1"]
[WhiteFideId "4130804"]
[BlackFideId "25071688"]
[WhiteElo "2939"]
[BlackElo "2776"]
[WhiteTeam "HUN"]
[BlackTeam "IND"]
[WhiteClock "0:01:43"]
[BlackClock "0:01:12"]

1. d4 Nf6 2. c4 e6 3. Bg5 d5 4. e3 Be7 5. Nc3 O-O 6. cxd5 exd5 7. Bd3 c6 8. Nge2 Nh5 9. Bxe7 Qxe7 10. Qc2 g6 11. h3 Nd7 12. g4 Ng7 13. O-O-O b5 14. Nf4 Nb6 15. Kb1 a5 16. Rdg1 Ba6 17. Nce2 Nc4 18. h4 a4 19. h5 b4 20. hxg6 fxg6 21. Rxh7 Kxh7 22. Bxg6+ Kg8 23. Bh7+ 1-0

[Event "December 5 Early 2023"]
[Site "https://www.chess.com"]
[Date "2023.12.05"]
[Round "7"]
[White "Mamedov, Edgar"]
[Black "Movsesian, Sergei"]
[Result "1-0"]
[Board "18"]
[TimeControl "180+1"]
[WhiteFideId "13739980"]
[BlackFideId "310204"]
[WhiteElo "2742"]
[BlackElo "2853"]
[WhiteTeam "KAZ"]
[BlackTeam "ARM"]
[WhiteClock "0:00:05"]
[BlackClock "0:00:06"]

1. d4 Nf6 2. Bg5 c5 3. Bxf6 gxf6 4. d5 Qb6 5. Qc1 f5 6. c4 Bg7 7. Nc3 e6 8. e3 Na6 9. Nf3 d6 10. Be2 Bd7 11. O-O h5 12. Rb1 h4 13. h3 Qd8 14. e4 Qf6 15. exf5 Qxf5 16. dxe6 fxe6 17. Rd1 Bf8 18. Bd3 Qh5 19. Be2 O-O-O 20. Ne4 Bc6 21. Nd4 Qg6 22. Nxc6 bxc6 23. Qf4 e5 24. Bg4+ Kb8 25. Qe3 Rh7 26. b4 cxb4 27. a3 Rb7 28. axb4 Nxb4 29. Nc5 Qxb1 30. Nxb7 Qxd1+ 31. Bxd1 Kxb7 32. Qg5 Kc7 33. Qxh4 a5 34. Ba4 Na6 35. Qe4 Nb4 36. h4 Be7 37. h5 Rh8 38. Qg6 Kd7 39. h6 Bf8 40. h7 Ke7 41. Qg8 1-0

[Event "December 5 Early 2023"]
[Site "https://www.chess.com"]
[Date "2023.12.05"]
[Round "7"]
[White "So, Wesley"]
[Black "Bachmann, Axel"]
[Result "1-0"]
[Board "19"]
[TimeControl "180+1"]
[WhiteFideId "5202213"]
[BlackFideId "3700488"]
[WhiteElo "3043"]
[BlackElo "2845"]
[WhiteTeam "USA"]
[BlackTeam "PAR"]
[WhiteClock "0:01:41"]
[BlackClock "0:00:53"]

1. b3 c5 2. Bb2 d6 3. f4 Nc6 4. Nf3 Bg4 5. e3 e5 6. h3 Bd7 7. Bc4 Na5 8. fxe5 Nxc4 9. bxc4 dxe5 10. Bxe5 f6 11. Bh2 Be6 12. Qe2 Nh6 13. Nc3 Be7 14. O-O O-O 15. e4 Bd6 16. d3 Bxh2+ 17. Kxh2 Nf7 18. Rab1 Qd6+ 19. Kh1 b6 20. a4 Rfe8 21. Qf2 Bd7 22. a5 bxa5 23. Ra1 Qc7 24. Nd5 1-0

[Event "December 5 Early 2023"]
[Site "https://www.chess.com"]
[Date "2023.12.05"]
[Round "7"]
[White "Paravyan, David"]
[Black "Klekowski, Maciej"]
[Result "1/2-1/2"]
[Board "20"]
[TimeControl "180+1"]
[WhiteFideId "4194985"]
[BlackFideId "1132717"]
[WhiteElo "3000"]
[BlackElo "2838"]
[WhiteTeam "FID"]
[BlackTeam "POL"]
[WhiteClock "0:00:03"]
[BlackClock "0:00:05"]

1. e4 c5 2. Nf3 e6 3. d4 cxd4 4. Nxd4 Nc6 5. Nc3 a6 6. Nxc6 bxc6 7. Bd3 d5 8. O-O Nf6 9. Re1 Be7 10. Qf3 O-O 11. Bg5 g6 12. Rad1 Bb7 13. Qh3 Nh5 14. Bxe7 Qxe7 15. Qe3 Rfd8 16. exd5 cxd5 17. Qe5 Rac8 18. Ne2 f6 19. Qe3 e5 20. c3 Re8 21. Bc2 Kh8 22. Bb3 Rcd8 23. Qh6 Qg7 24. Qxg7+ Kxg7 25. Rd2 Rd6 26. Red1 Red8 27. g4 Nf4 28. Nxf4 exf4 29. Rd4 g5 30. f3 f5 31. gxf5 Kf6 32. Bc2 Bc8 33. c4 Ke5 34. f6 Kxf6 35. Bxh7 Ke5 36. c5 Rh6 37. Be4 Be6 38. b4 g4 39. c6 Rhh8 40. c7 Rd7 41. fxg4 Bxg4 42. Rxd5+ Rxd5 43. Rxd5+ Kxe4 44. Rd8 Rh3 45. Re8+ Kd4 46. c8=Q Bxc8 47. Rxc8 Ra3 48. Rc2 Ra4 49. Kf2 Rxb4 50. Kf3 Kd3 51. Rg2 a5 52. h4 a4 53. h5 Rb6 54. Rh2 a3 55. h6 Rb2 56. Rh1 Rb8 57. h7 Rh8 58. Kxf4 Kc2 59. Kf5 Kb2 60. Rh2+ Kb1 61. Kg6 Rb8 62. Rf2 Rb6+ 63. Kg7 Rb7+ 64. Rf7 Rb8 65. Rf2 Rb7+ 66. Kg6 Rb6+ 67. Kg5 Rb5+ 68. Kg4 Rb4+ 69. Kg3 Rb8 70. Rh2 Rh8 71. Kf3 Rxh7 72. Rxh7 Kxa2 73. Ke3 Kb2 74. Kd2 a2 75. Rb7+ Ka1 76. Ra7 Kb2 77. Rb7+ Ka1 78. Kc3 1/2-1/2

[Event "December 5 Early 2023"]
[Site "https://www.chess.com"]
[Date "2023.12.05"]
[Round "7"]
[White "Bacrot, Etienne"]
[Black "Sarana, Alexey"]
[Result "0-1"]
[Board "21"]
[TimeControl "180+1"]
[WhiteFideId "605506"]
[BlackFideId "24133795"]
[WhiteElo "2835"]
[BlackElo "2989"]
[WhiteTeam "FRA"]
[BlackTeam "SRB"]
[WhiteClock "0:00:05"]
[BlackClock "0:01:16"]

1. e4 c5 2. Nf3 d6 3. Bb5+ Bd7 4. c4 Nc6 5. Nc3 e5 6. O-O Nge7 7. d3 Ng6 8. a3 Be7 9. b4 O-O 10. bxc5 dxc5 11. Nd5 Bg4 12. Bxc6 bxc6 13. Nxe7+ Qxe7 14. h3 Bxf3 15. Qxf3 Rab8 16. Be3 Rb3 17. Qe2 Rfb8 18. g3 Nf8 19. Kg2 Ne6 20. Rfd1 Qd6 21. h4 h6 22. Ra2 Rd8 23. a4 a6 24. Rb2 Rb4 25. Qc2 Rdb8 26. Rxb4 cxb4 27. c5 Qc7 28. Qb3 a5 29. d4 exd4 30. Bxd4 Rd8 31. Be3 Rxd1 32. Qxd1 Qe5 33. Qd3 Nxc5 34. Qd8+ Kh7 35. Qxa5 Qxe4+ 36. Kh2 Nd3 0-1

[Event "December 5 Early 2023"]
[Site "https://www.chess.com"]
[Date "2023.12.05"]
[Round "7"]
[White "Makarian, Rudik"]
[Black "Klukin, Kirill"]
[Result "0-1"]
[Board "22"]
[TimeControl "180+1"]
[WhiteFideId "44105681"]
[BlackFideId "24199273"]
[WhiteElo "2987"]
[BlackElo "2834"]
[WhiteTeam "FID"]
[BlackTeam "RUS"]
[WhiteClock "0:00:04"]
[BlackClock "0:00:11"]

1. d4 d5 2. c4 c6 3. Nf3 e6 4. Nc3 dxc4 5. g3 Nf6 6. Bg2 b5 7. Ne5 Qb6 8. O-O Bb7 9. b3 cxb3 10. Qxb3 Nbd7 11. Rd1 a5 12. a4 b4 13. Nc4 Qd8 14. Bf4 Nb6 15. Ne5 Nbd5 16. Ne4 Be7 17. Nc5 Qb6 18. Nc4 Qa7 19. Bd6 Ba6 20. Bxe7 Bxc4 21. Qxc4 Qxe7 22. Nb3 O-O 23. Rdc1 Rfc8 24. Bf3 Nc3 25. Kg2 Nfd5 26. Rc2 Nb6 27. Qc5 Qxc5 28. Nxc5 Rab8 29. e3 Nbd5 30. Nb3 Nb6 31. Nxa5 Nbxa4 32. Nb3 c5 33. dxc5 Nxc5 34. Nd4 g6 35. Nc6 Nb3 36. Ra7 Nc5 37. Ne7+ Kg7 38. Nxc8 Rxc8 39. Ra5 Nd3 40. Kf1 b3 41. Rd2 b2 42. Rxb2 Nxb2 43. Ra7 Nc4 44. Kg2 Nd2 45. Bg4 Rc6 46. h4 h5 47. Bh3 Nde4 48. Kg1 Nf6 49. Bg2 Rd6 50. Bf1 Nce4 51. Ra2 Rd2 52. Rxd2 Nxd2 53. Be2 Nde4 54. Kg2 Ng4 55. Bxg4 hxg4 56. f3 gxf3+ 57. Kxf3 Nd6 58. Kf4 Kf6 59. g4 e5+ 60. Kf3 Ke6 61. Kg3 f5 62. h5 gxh5 63. gxh5 Kf6 64. Kh4 Nf7 65. Kg3 Kg5 0-1

[Event "December 5 Early 2023"]
[Site "https://www.chess.com"]
[Date "2023.12.05"]
[Round "7"]
[White "Rustemov, Alexander"]
[Black "Khismatullin, Denis"]
[Result "0-1"]
[Board "23"]
[TimeControl "180+1"]
[WhiteFideId "4119002"]
[BlackFideId "4142578"]
[WhiteElo "2831"]
[BlackElo "2932"]
[WhiteTeam "RUS"]
[BlackTeam "RUS"]
[WhiteClock "0:00:00"]
[BlackClock "0:00:07"]

1. d4 Nf6 2. c4 g6 3. Nf3 Bg7 4. g3 O-O 5. Bg2 c6 6. b3 d5 7. Nbd2 Ne4 8. Bb2 Bf5 9. O-O Qa5 10. a3 Nd7 11. b4 Qa6 12. Rc1 Nb6 13. c5 Na4 14. Ba1 Qb5 15. Nb3 b6 16. Nh4 bxc5 17. Nxf5 gxf5 18. Bxe4 fxe4 19. Nxc5 Nb6 20. Bc3 Nc4 21. a4 Qb8 22. Qc2 Qd6 23. e3 f5 24. Kg2 h5 25. h4 Qg6 26. Kh2 Rad8 27. Qe2 Qg4 28. Qxg4 fxg4 29. Kg2 Kf7 30. Rc2 Rd6 31. Rfc1 Bh6 32. Re2 Kg6 33. Be1 Nb6 34. Rec2 Rf3 35. Nb7 Rdf6 36. Rxc6 Nc4 37. Rxf6+ Kxf6 38. Rc3 e5 39. dxe5+ Nxe5 40. Nc5 Kf5 41. b5 Bf8 42. a5 Bxc5 43. Rxc5 Nd3 44. Rxd5+ Ke6 45. Rd4 Nxe1+ 46. Kf1 Nd3 47. Rxe4+ Kf5 48. Re7 Rxf2+ 49. Kg1 Rb2 50. e4+ Kf6 51. Rxa7 Rxb5 52. a6 Ra5 53. Ra8 Ne5 54. a7 Kg7 55. Re8 Nf3+ 56. Kf2 Rxa7 57. Ke3 Kf7 58. Rh8 Kg6 59. Rg8+ Rg7 60. Ra8 Rf7 61. Ra6+ Rf6 62. Ra5 Re6 63. Kf4 Rf6+ 64. Ke3 Rb6 65. Kf4 Nd4 66. Rg5+ Kh6 67. Rd5 Ne6+ 68. Kf5 Ng7+ 69. Kf4 Rf6+ 70. Ke5 Rf3 71. Rd6+ Kh7 72. Rd7 Rxg3 73. Kf6 Rf3+ 74. Kg5 g3 75. Rd1 g2 76. Rg1 Rf2 77. e5 Ne6+ 78. Kxh5 Nf4+ 79. Kg4 Ne2 80. Kh3 Nxg1+ 81. Kh2 Nf3+ 82. Kg3 g1=Q+ 83. Kf4 Qg6 0-1

[Event "December 5 Early 2023"]
[Site "https://www.chess.com"]
[Date "2023.12.05"]
[Round "7"]
[White "Kamsky, Gata"]
[Black "Nguyen, Quoc Hy"]
[Result "1-0"]
[Board "24"]
[TimeControl "180+1"]
[WhiteFideId "2000024"]
[BlackFideId "12410853"]
[WhiteElo "2931"]
[BlackElo "2815"]
[WhiteTeam "USA"]
[BlackTeam "VIE"]
[WhiteClock "0:00:56"]
[BlackClock "0:00:14"]

1. d4 Nf6 2. Bf4 e6 3. e3 c5 4. c3 Nc6 5. Nd2 b6 6. Ngf3 Bb7 7. Nc4 cxd4 8. Nxd4 Nxd4 9. Qxd4 d5 10. Ne5 a6 11. Qa4+ Nd7 12. Be2 b5 13. Qb3 Nc5 14. Bxb5+ Ke7 15. Qb4 Qb6 16. Be2 Qxb4 17. cxb4 Nd7 18. Rc1 Rc8 19. Rxc8 Bxc8 20. Kd2 f6 21. Nc6+ Kf7 22. Bc7 e5 23. Rc1 Kg6 24. Bd3+ e4 25. Be2 Bb7 26. a3 h5 27. Nd8 Ba8 28. Bxa6 Ne5 29. Ne6 Be7 30. h3 h4 31. Be2 Re8 32. Nd4 Kf7 33. b5 g6 34. b6 Bc6 35. Nxc6 1-0

[Event "December 5 Early 2023"]
[Site "https://www.chess.com"]
[Date "2023.12.05"]
[Round "7"]
[White "Movahed, Sina"]
[Black "Dragun, Kamil"]
[Result "1-0"]
[Board "25"]
[TimeControl "180+1"]
[WhiteFideId "42520835"]
[BlackFideId "1134167"]
[WhiteElo "2925"]
[BlackElo "2814"]
[WhiteTeam "IRI"]
[BlackTeam "POL"]
[WhiteClock "0:01:03"]
[BlackClock "0:00:17"]

1. e4 e5 2. Nf3 Nc6 3. Bb5 a6 4. Ba4 Nf6 5. O-O Be7 6. d3 b5 7. Bb3 d6 8. c3 O-O 9. a4 Bd7 10. Re1 Na5 11. Bc2 c5 12. Nbd2 Qb8 13. Nf1 b4 14. Qe2 h6 15. Ne3 Rc8 16. Nh4 Bf8 17. h3 Be6 18. Nf3 bxc3 19. bxc3 Nb3 20. Rb1 Nxc1 21. Rexc1 Qc7 22. Bb3 Bxb3 23. Rxb3 Rab8 24. Rcb1 Rxb3 25. Rxb3 Qc6 26. Qa2 d5 27. exd5 Nxd5 28. Nxe5 Qe6 29. Rb7 Nxc3 30. Qxe6 fxe6 31. a5 Bd6 32. Ng6 Nd5 33. Nc4 Bf8 34. g4 Nb4 35. Rd7 Nd5 36. h4 Nf6 37. Ra7 Rd8 38. Rxa6 Nxg4 39. Rxe6 Kf7 40. Rc6 Rxd3 41. Nge5+ 1-0

[Event "December 5 Early 2023"]
[Site "https://www.chess.com"]
[Date "2023.12.05"]
[Round "7"]
[White "Kovalenko, Igor"]
[Black "IM_ArthurDW08"]
[Result "0-1"]
[Board "26"]
[TimeControl "180+1"]
[WhiteFideId "14117908"]
[WhiteElo "2915"]
[BlackElo "2808"]
[WhiteTeam "UKR"]
[WhiteClock "0:00:57"]
[BlackClock "0:00:14"]

1. c4 g6 2. d4 Bg7 3. Nf3 c5 4. e4 Qa5+ 5. Bd2 Qb6 6. Bc3 Nf6 7. Nbd2 cxd4 8. Bxd4 Qc7 9. Bd3 Nc6 10. Bc3 d6 11. h3 O-O 12. O-O Nh5 13. Bxg7 Nxg7 14. Rc1 Ne6 15. a3 a5 16. Qe2 a4 17. Qe3 Bd7 18. Rc3 Ne5 19. Rfc1 Qc5 20. Qh6 f6 21. Be2 g5 22. Nxe5 fxe5 23. Rf1 Rf6 24. Qh5 Nf4 25. Qxg5+ Rg6 26. Qxe7 Nxe2+ 27. Kh2 Nxc3 28. Qxd7 Ne2 29. Nf3 Rf8 30. Nh4 Rg7 31. Qe6+ Kh8 32. Nf5 Rxg2+ 33. Kh1 Rxf2 34. Rg1 Rh2+ 35. Kxh2 Qxg1# 0-1

[Event "December 5 Early 2023"]
[Site "https://www.chess.com"]
[Date "2023.12.05"]
[Round "7"]
[White "Donchenko, Alexander"]
[Black "Yuan, Qingyu"]
[Result "0-1"]
[Board "27"]
[TimeControl "180+1"]
[WhiteFideId "24603295"]
[BlackFideId "8609772"]
[WhiteElo "2911"]
[BlackElo "2801"]
[WhiteTeam "GER"]
[BlackTeam "CHN"]
[WhiteClock "0:00:00"]
[BlackClock "0:00:03"]

1. Nf3 Nf6 2. g3 d5 3. Bg2 b6 4. O-O Bb7 5. c4 dxc4 6. Na3 c5 7. Nxc4 e6 8. b3 Be7 9. Bb2 Nbd7 10. d4 O-O 11. Rc1 Rc8 12. e3 h6 13. Qe2 cxd4 14. Bxd4 b5 15. Nce5 Nxe5 16. Nxe5 Bxg2 17. Kxg2 Qd5+ 18. Qf3 a6 19. Nc6 Qxf3+ 20. Kxf3 Ba3 21. Bxf6 gxf6 22. Rc2 Rc7 23. Nb4 Rfc8 24. Rxc7 Rxc7 25. Nxa6 Rc2 26. Rd1 Rxa2 27. Nc7 b4 28. g4 Rc2 29. Ne8 Rc3 30. Nxf6+ Kg7 31. Nh5+ Kg6 32. Rd8 f5 33. Rd7 Kg5 34. Rg7+ Kh4 35. Nf4 e5 36. Ng6+ Kg5 37. Nh8+ Kf6 38. Rf7+ Ke6 39. gxf5+ Kd6 40. Ng6 Rxb3 41. f6 Ke6 42. Rf8 Rb2 43. Nh8 b3 44. Ra8 Ra2 45. f7 b2 46. Rb8 Ra1 47. Ng6 b1=Q 48. Rxb1 Rxb1 49. f8=Q Bxf8 50. Nxf8+ Kf7 51. Nd7 Ke6 52. Nc5+ Kf5 53. Ne4 Ra1 54. Ng3+ Kf6 55. Ne4+ Ke6 56. Ng3 Ra4 57. Ne4 Kf5 58. Ng3+ Kf6 59. Ne4+ Kf5 60. Ng3+ Ke6 61. Ne4 Rb4 62. Ng3 Kf6 63. Ne4+ Kf5 64. Ng3+ Ke6 65. Ne4 Rb1 66. Ng3 Rb8 67. Ne4 Rf8+ 68. Kg3 Kf5 69. Nd6+ Ke6 70. Ne4 Rg8+ 71. Kf3 Kf5 72. Ng3+ Kg5 73. h3 Rf8+ 74. Kg2 Kh4 75. Ne4 Rf7 76. Nd6 Rf6 77. Ne4 Rg6+ 78. Kh2 Rg8 79. Nd6 Rf8 80. Kg2 Kg5 81. Ne4+ Kf5 82. Ng3+ Ke6 83. Ne4 Kd5 84. Ng3 Kc4 85. Nh5 Kd3 86. Ng3 Kd2 87. Ne4+ Ke2 88. Ng3+ Ke1 89. Ne4 Rg8+ 90. Kf3 Rf8+ 91. Kg2 Ke2 92. Ng3+ Kd3 93. Nh5 Rf5 94. Ng3 Rf7 95. Nh5 Ke2 96. Ng3+ Kd2 97. Ne4+ Kd3 98. Ng3 Ra7 99. Nf5 Ra6 100. h4 Rf6 101. Ng3 Rf8 102. Nh5 Ke2 103. Ng3+ Ke1 104. Ne4 Rf7 105. Kg1 Ke2 106. Kg2 Rg7+ 107. Ng3+ Kd3 108. Kf3 Rf7+ 109. Kg2 Kd2 110. Ne4+ Ke2 111. Ng3+ Ke1 112. Ne4 Rf8 113. Kg1 Rg8+ 114. Ng3 Kd2 115. Kg2 Rf8 116. Ne4+ Kd3 117. Ng3 Kc4 118. Ne4 Kd5 119. Ng3 Ke6 120. Kf1 Kf6 121. Kg2 Ra8 122. Kf3 Ra4 123. h5 Kg5 124. Kg2 Kg4 125. f3+ Kg5 126. Kh3 Rh4+ 127. Kg2 Rb4 128. Kh3 Rb3 129. Ne4+ Kf5 0-1

[Event "December 5 Early 2023"]
[Site "https://www.chess.com"]
[Date "2023.12.05"]
[Round "7"]
[White "Miladinovic, Igor"]
[Black "Demchenko, Anton"]
[Result "1-0"]
[Board "28"]
[TimeControl "180+1"]
[WhiteFideId "4203380"]
[BlackFideId "4160258"]
[WhiteElo "2797"]
[BlackElo "2907"]
[WhiteTeam "SRB"]
[BlackTeam "SLO"]
[WhiteClock "0:00:08"]
[BlackClock "0:00:09"]

1. d4 Nf6 2. Bg5 g6 3. Bxf6 exf6 4. e3 d5 5. g3 c6 6. Bg2 Bd6 7. Nd2 Be6 8. Rc1 Nd7 9. Ne2 h5 10. h4 Qe7 11. c4 dxc4 12. Nxc4 Bb4+ 13. Kf1 Nb6 14. Nxb6 axb6 15. a3 Bd6 16. Rxc6 bxc6 17. Bxc6+ Kf8 18. Bxa8 Kg7 19. Bf3 b5 20. Kg2 b4 21. axb4 Rb8 22. Nc3 Rxb4 23. Qd2 Qd8 24. Ne4 Be7 25. Rc1 Bd5 26. Nc3 Bxf3+ 27. Kxf3 Qa8+ 28. d5 Qb7 29. Rc2 g5 30. hxg5 fxg5 31. e4 h4 32. gxh4 Qd7 33. Ke3 gxh4 34. Kd3 Bf6 35. Qf4 Qh3+ 36. Ke2 Qg2 37. Qf3 h3 38. Nd1 Rxe4+ 39. Ne3 Qg6 40. Rc1 Bd4 41. Qxh3 Bxe3 42. fxe3 Rb4 43. Rc3 Rxb2+ 44. Kf3 Qf6+ 45. Ke4 Qxc3 46. Qg3+ Kf8 47. Qd6+ Ke8 48. Kf3 Rb7 49. Qa6 Qc7 50. d6 Qd7 51. Qa8+ Qd8 52. Qxb7 Qxd6 53. Qe4+ Kf8 54. Qf4 Qc6+ 55. Kf2 Qc2+ 56. Kg3 Qg6+ 57. Kf3 Qc6+ 58. Qe4 Qb7 59. Qxb7 1-0

[Event "December 5 Early 2023"]
[Site "https://www.chess.com"]
[Date "2023.12.05"]
[Round "7"]
[White "Sychev, Klementy"]
[Black "Krysa, Leandro"]
[Result "1-0"]
[Board "29"]
[TimeControl "180+1"]
[WhiteFideId "4114060"]
[BlackFideId "116807"]
[WhiteElo "2891"]
[BlackElo "2741"]
[WhiteTeam "FID"]
[BlackTeam "ARG"]
[WhiteClock "0:00:02"]
[BlackClock "0:00:04"]

1. e4 e5 2. Nc3 Nf6 3. f4 d5 4. fxe5 Nxe4 5. Qf3 Nxc3 6. bxc3 Be6 7. Rb1 Be7 8. d4 O-O 9. Bd3 c5 10. Ne2 Nc6 11. O-O Qd7 12. Qg3 c4 13. Bh6 g6 14. Bxg6 fxg6 15. Bxf8 Rxf8 16. Rxf8+ Bxf8 17. Nf4 Bf5 18. Rf1 Nd8 19. Nh5 Be7 20. Nf6+ Bxf6 21. exf6 Qe6 22. Qc7 Qd7 23. Qb8 Kf7 24. h3 a6 25. Qf4 Bxc2 26. Qh6 Kg8 27. h4 Bf5 28. h5 Qf7 29. Qf4 Ne6 30. Qe5 Nf8 31. Kh2 Nd7 32. Qg3 Nxf6 33. Rxf5 Qe6 34. Rf1 Nxh5 35. Qb8+ Kg7 36. Qf8# 1-0

[Event "December 5 Early 2023"]
[Site "https://www.chess.com"]
[Date "2023.12.05"]
[Round "7"]
[White "Bardyk, Artem"]
[Black "Hua, Lefong"]
[Result "1-0"]
[Board "30"]
[TimeControl "180+1"]
[WhiteFideId "34349979"]
[BlackFideId "2602253"]
[WhiteElo "2877"]
[BlackElo "2718"]
[WhiteTeam "RUS"]
[BlackTeam "CAN"]
[WhiteClock "0:00:09"]
[BlackClock "0:00:01"]

1. e4 c5 2. c3 Nf6 3. e5 Nd5 4. Nf3 Nc6 5. Bc4 Nb6 6. Bb3 d6 7. exd6 Qxd6 8. O-O Be6 9. Bxe6 Qxe6 10. a4 Qd7 11. a5 Nd5 12. a6 b6 13. d4 cxd4 14. Nxd4 e6 15. Nxc6 Qxc6 16. Qg4 Nf6 17. Qe2 Be7 18. Na3 Bxa3 19. Rxa3 O-O 20. Ra1 Qe4 21. Qxe4 Nxe4 22. Be3 Rfd8 23. Rfd1 Nd6 24. b3 Kf8 25. c4 Ke8 26. Kf1 Nf5 27. Bf4 f6 28. g4 Nd4 29. Rd3 e5 30. Be3 Nc6 31. Rxd8+ Rxd8 32. h4 Rd3 33. Bxb6 Rxb3 34. Be3 Rb4 35. c5 Rb5 36. Ke2 Ra5 37. Rb1 Rxa6 38. Rb7 Kf8 39. Kd3 Ra4 40. Rc7 Nd4 41. c6 Ne6 42. Rb7 Ke8 43. Bxa7 Ra6 44. Bb6 g6 45. Kc4 Ra1 46. Kd5 Nf4+ 47. Kd6 Rd1+ 48. Kc7 Ne6+ 49. Kb8 Rh1 50. Rxh7 f5 51. gxf5 gxf5 52. c7 Nxc7 53. Kxc7 e4 54. Be3 Rh3 55. Kd6 Rf3 56. Ke5 Kf8 57. Rh5 Kg7 58. Rxf5 Rh3 59. Rf4 Kg6 60. Kxe4 1-0

[Event "December 5 Early 2023"]
[Site "https://www.chess.com"]
[Date "2023.12.05"]
[Round "7"]
[White "Kazakouski, Valery"]
[Black "Prohaszka, Peter"]
[Result "1-0"]
[Board "31"]
[TimeControl "180+1"]
[WhiteFideId "13507443"]
[BlackFideId "726265"]
[WhiteElo "2868"]
[BlackElo "2682"]
[WhiteTeam "LTU"]
[BlackTeam "HUN"]
[WhiteClock "0:00:52"]
[BlackClock "0:00:00"]

1. Nf3 d5 2. c4 d4 3. b4 g5 4. Qb3 g4 5. Nxd4 Bg7 6. e3 e5 7. Nc2 Ne7 8. Bb2 a5 9. a3 Bf5 10. Nc3 h5 11. Be2 h4 12. e4 Be6 13. Nd5 Nbc6 14. b5 a4 15. Qe3 Na5 16. d3 Bh6 17. Qc5 Bxd5 18. cxd5 Nb3 19. Qc4 Nxa1 20. Bxa1 f6 21. d4 Qd6 22. Bxg4 Rg8 23. h3 c6 24. dxc6 bxc6 25. O-O cxb5 26. Bh5+ Kd7 27. Qxb5+ Qc6 28. Qd3 Qa6 29. Qf3 Rac8 30. Nb4 Qxf1+ 31. Kxf1 Rc1+ 32. Ke2 Rxa1 33. Qxf6 exd4 34. Qxd4+ Kc7 35. Qxa1 1-0